 Dungeon Crawl Stone Soup version 0.17.1-3-g152610e (webtiles) character file.

12924 kaze the Nimble (level 11, -2/111 HPs)
             Began as a Troll Berserker on Feb 19, 2016.
             Was a High Priest of Trog.
             Slain by an orc warrior
             ... wielding a +0 trident
             ... led by an orc warlord
              (15 damage)
             ... on level 4 of the Orcish Mines.
             The game lasted 00:56:08 (9418 turns).

kaze the Nimble (Troll Berserker)                   Turns: 9418, Time: 00:56:08

Health: -2/111     AC: 11    Str: 35    XL:     11   Next: 68%
Magic:  13/13      EV: 14    Int:  6    God:    Trog [*****.]
Gold:   161        SH: 12    Dex: 14    Spells: 0 memorised, 14 levels left

rFire  . . .     SeeInvis +     o - +1 war axe
rCold  . . .     Clarity  .     a - +1 animal skin
rNeg   + . .     SustAt   .     u - +1 shield
rPois  .         Gourm    +     (helmet restricted)
rElec  .         Spirit   .     g - +2 cloak
rCorr  .         Warding  .     (gloves unavailable)
rMut   .         Stasis   .     (boots unavailable)
MR     +++..                    (no amulet)
Stlth  ++........               G - ring of Demons {+Fly rN+ Str+3 Int+3 SInv}
                                i - +3 ring of dexterity

@: exhausted, regenerating, extremely resistant to hostile enchantments,
unstealthy
A: unfitting armour, claws 3, thin skeletal structure 1, yellow scales 1, blink,
fast metabolism 3, gourmand, magic resistance 1, regeneration 2, shaggy fur 1,
strong 1, tough skin 2
a: Blink, Berserk, Trog's Hand, Brothers in Arms, Burn Spellbooks, Renounce
Religion, Evoke Flight


You were on level 4 of the Orcish Mines.
You worshipped Trog.
Trog was extremely pleased with you.
You were full.

You visited 2 branches of the dungeon, and saw 13 of its levels.
You also visited: Ice Cave.

You collected 934 gold pieces.
You spent 773 gold pieces at shops.

Inventory:

Hand Weapons
 o - a +1 war axe (weapon)
 A - a +0 halberd of flaming
 F - a +0 battleaxe of chopping
Armour
 a - a +1 animal skin (worn)
 g - a +2 cloak (worn)
 u - a +1 shield (worn)
 C - a +1 robe
Jewellery
 i - a +3 ring of dexterity (left claw)
 G - the ring of Demons (right claw) {+Fly rN+ Str+3 Int+3 SInv}
   (You bought it in a shop on level 4 of the Orcish Mines)

   [ring of flight]

   It affects your strength (+3).
   It affects your intelligence (+3).
   It protects you from negative energy.
   It lets you see invisible.
   It lets you fly.
Wands
 j - a wand of magic darts (21)
Scrolls
 d - 2 scrolls of identify
 e - 3 scrolls of blinking
 l - a scroll of immolation
 m - 5 scrolls of fog
 n - 2 scrolls of teleportation
 v - a scroll of remove curse
 y - a scroll of summoning {unknown}
 D - 3 scrolls of silence {unknown}
Potions
 h - 2 potions of curing
 p - a potion of cancellation
 q - a potion of brilliance
 t - a potion of magic
 x - a potion of beneficial mutation {unknown}
 B - a potion of invisibility {unknown}
Comestibles
 b - 3 bread rations
 c - 7 beef jerkies
 r - 2 slices of pizza
 s - 7 royal jellies
 w - 3 fruits


   Skills:
 + Level 8.1 Fighting
 + Level 8.1 Axes
 + Level 10.3 Dodging
 - Level 0.3 Stealth
 + Level 4.1 Shields
 + Level 4.5 Unarmed Combat
 + Level 2.2 Spellcasting
 + Level 2.7 Evocations


You had 14 spell levels left.
You didn't know any spells.

Dungeon Overview and Level Annotations

Branches:
Dungeon (9/15)               Lair (0/8) D:8             Orc (4/4) D:9
    Elf (0/3) Orc:4
 Temple: D:4-7

Altars:
Dithmenos
Nemelex Xobeh
Ru
Yredelemnul
Zin
Beogh

Shops:
Orc:4 =


Innate Abilities, Weirdness & Mutations

You are too large for most types of armour.
You have claws for hands.
Your metabolism is lightning-fast.
You like to eat raw meat.
You heal very quickly.
You are covered in fur (AC +1).
You have very tough skin (AC +2).
You have a somewhat thin skeletal structure (Dex +2, Stealth).
You are partially covered in yellow scales (AC +2).
You can translocate small distances at will.
You are resistant to hostile enchantments.
Your muscles are strong. (Str +2)


Message History

You block the ogre's attack. The orc warrior closely misses you.
The orc warlord roars a battlecry!
The orc goes into a battle-frenzy!
The orc warrior completely misses you.
You hit the orc warlord.
The orc warlord is lightly wounded.
You feel a little less agile now.
The orc warrior hits you but does no damage.
You hit the orc warrior but do no damage.
The orc warrior is lightly wounded.
You slash the orc warlord!
The orc warlord is lightly wounded.
The orc warlord roars a battlecry!
The orc warriors go into a battle-frenzy!
The orc warlord hits you with a long sword!
* * * LOW HITPOINT WARNING * * *
The orc warrior hits you with a mace!!
* * * LOW HITPOINT WARNING * * *
The orc warrior hits you from afar with a trident!
You die...

#####..............)))...####
...................))(.....#
....#..#.............(..#..##
##.
#...........(.o.o(.#....####
#
##.#.......o.oo.()..........
##..<.....oOooo.((.........
##.......oOo.o#.#.#........
#.......##o#...............
#.....#.#o@#..#.......#...# #
##.#....#..#.#.#......##... #
##.....#..#.........###... #
##..#.#.8#.....##.#..##..
####.####...### #....... #..
##...... ### ##...#...
##.......# #.........


You could see an orc warlord, 6 orc warriors, 2 ogres and 3 orcs.

Vanquished Creatures
  Nergalle (Orc:3)
  2 trolls
  A queen bee (D:8)
  A deep elf mage (D:9)
  5 yaks (D:9)
  4 wolves (D:8)
  2 wargs (Orc:3)
  19 orc warriors
  A wasp (D:7)
  3 sky beasts
  16 ice beasts
  2 phantoms
  A black bear (D:6)
  9 ogres
  2 centaurs
  Blork the orc (D:5)
  7 giant frogs
  4 scorpions
  A wyvern skeleton (D:8)
  16 killer bees (D:8)
  An electric eel (D:8)
  2 giant frog zombies
  5 crimson imps
  A jelly (D:9)
  15 orc priests
  A giant frog skeleton (D:8)
  3 hounds
  2 iguanas
  22 orc wizards
  2 centaur skeletons
  8 worker ants
  2 killer bee zombies
  A hound zombie (D:7)
  5 adders
  2 shadow imps
  An ooze (D:2)
  An adder skeleton (D:7)
  2 worms
  2 giant geckos
  116 orcs
  A ball python (D:2)
  3 bats
  7 giant cockroaches
  10 hobgoblins
  11 jackals
  5 quokkas
  4 giant newts
  5 goblins
  2 kobolds (D:2)
  A quokka skeleton (D:5)
  6 rats
347 creatures vanquished.

Vanquished Creatures (others)
  2 orcs (Orc:3)
2 creatures vanquished.

Grand Total: 349 creatures vanquished

Notes
Turn   | Place    | Note
--------------------------------------------------------------
     0 | D:1      | kaze the Troll Berserker began the quest for the Orb.
     0 | D:1      | Reached XP level 1. HP: 22/22 MP: 0/0
   357 | D:1      | Reached XP level 2. HP: 29/29 MP: 1/1
   618 | D:2      | Reached XP level 3. HP: 36/36 MP: 2/2
   637 | D:2      | Reached ** piety under Trog
  1317 | D:3      | Noticed a scorpion
  1325 | D:3      | Killed a scorpion
  1325 | D:3      | Reached XP level 4. HP: 42/45 MP: 3/3
  1415 | D:3      | Reached skill level 4 in Unarmed Combat
  1416 | D:3      | Reached XP level 5. HP: 42/53 MP: 4/4
  1710 | D:4      | Noticed a phantom
  1906 | D:4      | Found a sacrificial altar of Ru.
  1976 | D:4      | Killed a phantom
  1976 | D:4      | Reached skill level 1 in Axes
  1976 | D:4      | Reached XP level 6. HP: 31/61 MP: 5/5
  2521 | D:5      | Entered Level 5 of the Dungeon
  2534 | D:5      | Reached XP level 7. HP: 41/68 MP: 6/6
  2552 | D:5      | Gained mutation: You are partially covered in yellow scales (AC +2). [mutagenic meat]
  2553 | D:5      | Gained mutation: Your muscles are strong. (Str +2) [mutagenic meat]
  2554 | D:5      | Gained mutation: You can translocate small distances at will. [mutagenic meat]
  2555 | D:5      | Gained mutation: You have a somewhat thin skeletal structure (Dex +2, Stealth). [mutagenic meat]
  2556 | D:5      | Gained mutation: You are resistant to hostile enchantments. [mutagenic meat]
  2689 | D:5      | Reached *** piety under Trog
  2733 | D:5      | Reached skill level 5 in Dodging
  2813 | D:5      | Noticed Blork the orc
  2826 | D:5      | Killed Blork the orc
  2959 | D:5      | Reached XP level 8. HP: 14/79 MP: 7/7
  3611 | D:6      | Reached skill level 6 in Dodging
  3856 | D:6      | Reached skill level 5 in Fighting
  4144 | D:6      | Reached skill level 7 in Fighting
  4144 | D:6      | Reached skill level 8 in Dodging
  4144 | D:6      | Reached XP level 9. HP: 85/93 MP: 7/11
  4788 | D:7      | Reached XP level 10. HP: 93/102 MP: 12/12
  5066 | D:8      | Found a staircase to the Lair.
  5091 | D:8      | Reached skill level 9 in Dodging
  5191 | D:8      | Reached skill level 1 in Shields
  5326 | D:8      | Found a sparkling altar of Nemelex Xobeh.
  6461 | D:8      | Found a basalt altar of Yredelemnul.
  6474 | D:8      | Found a shadowy altar of Dithmenos.
  6476 | D:8      | Found a glowing silver altar of Zin.
  7226 | D:9      | Found a staircase to the Orcish Mines.
  7248 | Orc:1    | Entered Level 1 of the Orcish Mines
  7258 | Orc:1    | Reached XP level 11. HP: 109/109 MP: 13/13
  7485 | Orc:2    | Reached **** piety under Trog
  8085 | Orc:3    | Noticed Nergalle
  8115 | Orc:3    | Killed Nergalle
  8162 | Orc:3    | Found a roughly hewn altar of Beogh.
  8187 | Orc:3    | Found a frozen archway.
  8201 | Orc:3    | Reached skill level 10 in Dodging
  8261 | IceCv    | Entered an ice cave
  8438 | Orc:4    | Entered Level 4 of the Orcish Mines
  8446 | Orc:4    | Found a staircase to the Elven Halls.
  8475 | Orc:4    | Reached ***** piety under Trog
  8511 | Orc:4    | Found a roughly hewn altar of Beogh.
  8523 | Orc:4    | Found Yhunosejel's Jewellery Shoppe.
  8553 | Orc:4    | Bought the ring of Demons {+Fly rN+ Str+3 Int+3 SInv} for 773 gold pieces
  9017 | Orc:4    | Found a roughly hewn altar of Beogh.
  9393 | Orc:4    | Noticed an orc warlord
  9418 | Orc:4    | Slain by an orc warrior

Action                   |  1- 3 |  4- 6 |  7- 9 | 10-12 || total
-------------------------+-------+-------+-------+-------++-------
Melee: Unarmed           |    78 |    19 |       |       ||    97
       War axe           |       |   103 |   161 |   647 ||   911
Invok: Burn Spellbooks   |     1 |       |       |       ||     1
       Berserk           |       |     2 |    10 |    21 ||    33
       Trog's Hand       |       |     1 |     1 |     6 ||     8
 Abil: Blink             |       |       |     1 |     1 ||     2
  Use: Potion            |     3 |     1 |     3 |     3 ||    10
       Scroll            |       |       |    12 |     3 ||    15
 Stab: Sleeping          |     1 |       |     1 |       ||     2
       Distracted        |       |       |       |     1 ||     1
  Eat: Chunk             |    12 |    12 |    27 |    62 ||   113
       Fruit             |       |       |     3 |       ||     3
       Bread ration      |       |       |     1 |     2 ||     3
       Meat ration       |       |       |     1 |       ||     1
